SAAA
JERSEY CITY SUN CAPS @ ELLENBURG FIGHTING DACHSUNDS
09/15/2023
 
TOP OF THE 1ST
Jersey City Sun Caps batting - Pitching for Ellenburg Fighting Dachsunds : RHP Michael Fletcher
Pitching: RHP Michael Fletcher
Batting: RHB Brett Callison 0-0: Called Strike
0-1: Foul Ball, location: 2F
0-2: SINGLE (Line Drive, 7LM)
Batting: RHB Brandon Reed 0-0: Foul Ball, location: 2F
0-1: Grounds into double play, 6-4-3 (Groundball, 6)
Batting: LHB Marlon Randall 0-0: Ball
1-0: Called Strike
1-1: Ball
2-1: Ball
3-1: Base on Balls
Batting: LHB Miguel Martínez 0-0: Ball
1-0: Fly out, F9 (Flyball, 89M)
Top of the 1st over - 0 run(s), 1 hit(s), 0 error(s), 1 left on base; Jersey City 0 - Ellenburg 0
BOTTOM OF THE 1ST
Ellenburg Fighting Dachsunds batting - Pitching for Jersey City Sun Caps : RHP Tomás Gonzáles
Pitching: RHP Tomás Gonzáles
Batting: RHB Kade Knowles 0-0: Swinging Strike
0-1: Ball
1-1: DOUBLE (Flyball, 78S)
Batting: RHB Charles Jordan 0-0: Ball
1-0: Foul Ball, location: 2F
1-1: Ground out 4-3 (Groundball, 4M)
Kade Knowles to third
Batting: RHB Gerald Clark 0-0: Foul Ball, location: 2F
0-1: Foul Ball, location: 2F
0-2: Ball
1-2: Foul Ball, location: 2F
1-2: Ball
2-2: Foul Ball, location: 2F
2-2: Ball
3-2: Strikes out swinging
Batting: RHB Will Thomas 0-0: Called Strike
0-1: SINGLE (Line Drive, 4M)
Kade Knowles scores
Batting: RHB Francis Kelly 0-0: Ball
1-0: Called Strike
1-1: Ball
2-1: Ball
3-1: Base on Balls
Will Thomas to second
Batting: RHB Travis Lee 0-0: Ball
1-0: Called Strike
1-1: Ball
2-1: Ball
3-1: Base on Balls
Will Thomas to third
Francis Kelly to second
Batting: LHB Roberto Rodríguez 0-0: Called Strike
0-1: Swinging Strike
0-2: Strikes out looking
Bottom of the 1st over - 1 run(s), 2 hit(s), 0 error(s), 3 left on base; Jersey City 0 - Ellenburg 1
TOP OF THE 2ND
Jersey City Sun Caps batting - Pitching for Ellenburg Fighting Dachsunds : RHP Michael Fletcher
Batting: RHB Tony Quintana 0-0: Called Strike
0-1: Foul Ball, location: 2F
0-2: Fly out, F8 (Flyball, 8LM)
Batting: RHB Jonah Moody 0-0: Foul Ball, location: 2F
0-1: Ball
1-1: Fly out, F8 (Flyball, 8LM)
Batting: RHB Bryan Wilson 0-0: Called Strike
0-1: Ground out 5-3 (Groundball, 5S)
Top of the 2nd over - 0 run(s), 0 hit(s), 0 error(s), 0 left on base; Jersey City 0 - Ellenburg 1
BOTTOM OF THE 2ND
Ellenburg Fighting Dachsunds batting - Pitching for Jersey City Sun Caps : RHP Tomás Gonzáles
Batting: RHB Jack Burton 0-0: Called Strike
0-1: Swinging Strike
0-2: Ball
1-2: Ball
2-2: Fly out, F9 (Flyball, 89S)
Batting: LHB Ramón Hernández 0-0: Called Strike
0-1: Foul Ball, location: 2F
0-2: Strikes out swinging
Batting: RHB Kade Knowles 0-0: Ball
1-0: Ball
2-0: Fly out, F8 (Flyball, 78M)
Bottom of the 2nd over - 0 run(s), 0 hit(s), 0 error(s), 0 left on base; Jersey City 0 - Ellenburg 1
TOP OF THE 3RD
Jersey City Sun Caps batting - Pitching for Ellenburg Fighting Dachsunds : RHP Michael Fletcher
Batting: RHB Lindsay Stewart 0-0: Swinging Strike
0-1: Bunt for hit - play at first, batter safe!
Batting: RHB Adrian Barr 0-0: Ball
1-0: Called Strike
1-1: Foul Ball, location: 2F
1-2: Foul Ball, location: 2F
1-2: Foul Ball, location: 2F
1-2: Grounds into double play, 4-6-3 (Groundball, 4)
Batting: RHB Brett Callison 0-0: Called Strike
0-1: SINGLE (Flyball, 78S)
Batting: RHB Brandon Reed 0-0: Called Strike
0-1: Foul Ball, location: 2F
0-2: Foul Ball, location: 2F
0-2: SINGLE (Line Drive, 8LS)
Brett Callison to second
Batting: LHB Marlon Randall 0-0: Called Strike
0-1: Ball
1-1: Ground out 4-3 (Groundball, 4)
Top of the 3rd over - 0 run(s), 3 hit(s), 0 error(s), 2 left on base; Jersey City 0 - Ellenburg 1
BOTTOM OF THE 3RD
Ellenburg Fighting Dachsunds batting - Pitching for Jersey City Sun Caps : RHP Tomás Gonzáles
Batting: RHB Charles Jordan 0-0: Foul Ball, location: 2F
0-1: Ball
1-1: Fly out, F8 (Flyball, 78XD)
Batting: RHB Gerald Clark 0-0: Called Strike
0-1: Foul Ball, location: 2F
0-2: Strikes out swinging
Batting: RHB Will Thomas 0-0: Foul Ball, location: 2F
0-1: SINGLE (Groundball, 56D)
Batting: RHB Francis Kelly 0-0: Ball
Will Thomas is caught stealing 2nd base
Bottom of the 3rd over - 0 run(s), 1 hit(s), 0 error(s), 0 left on base; Jersey City 0 - Ellenburg 1
TOP OF THE 4TH
Jersey City Sun Caps batting - Pitching for Ellenburg Fighting Dachsunds : RHP Michael Fletcher
Batting: LHB Miguel Martínez 0-0: Called Strike
0-1: Ball
1-1: Called Strike
1-2: Ball
2-2: Foul Ball, location: 2F
2-2: Foul Ball, location: 2F
2-2: Ground out 4-3 (Groundball, 34)
Batting: RHB Tony Quintana 0-0: Ground out 5-3 (Groundball, 56S)
Batting: RHB Jonah Moody 0-0: Ball
1-0: Ball
2-0: Swinging Strike
2-1: Swinging Strike
2-2: Foul Ball, location: 2F
2-2: Strikes out looking
Top of the 4th over - 0 run(s), 0 hit(s), 0 error(s), 0 left on base; Jersey City 0 - Ellenburg 1
BOTTOM OF THE 4TH
Ellenburg Fighting Dachsunds batting - Pitching for Jersey City Sun Caps : RHP Tomás Gonzáles
Batting: RHB Francis Kelly 0-0: Ground out U3 (Groundball, 3S)
Batting: RHB Travis Lee 0-0: Swinging Strike
0-1: Called Strike
0-2: Foul Ball, location: 2F
0-2: DOUBLE (Line Drive, 78XD)
Batting: LHB Roberto Rodríguez 0-0: Foul Ball, location: 2F
0-1: Called Strike
0-2: Ball
1-2: Foul Ball, location: 2F
1-2: Strikes out swinging
Batting: RHB Jack Burton 0-0: Ball
1-0: Foul Ball, location: 2F
1-1: Ball
2-1: Ball
3-1: Base on Balls
Batting: LHB Ramón Hernández 0-0: Called Strike
0-1: Ball
1-1: Ball
2-1: SINGLE (Line Drive, 6D)
Travis Lee to third
Jack Burton to second
Runner from 3rd tries for Home, SAFE, no throw or cutoff
Batting: RHB Kade Knowles 0-0: Called Strike
0-1: Called Strike
0-2: Ball
1-2: Reached on error, E6 (Groundball, 6M)
Jack Burton to third
Ramón Hernández to second
Batting: RHB Charles Jordan 0-0: Ball
1-0: Called Strike
1-1: Ball
2-1: Foul Ball, location: 2F
2-2: Foul Ball, location: 2F
2-2: Ball
3-2: Foul Ball, location: 2F
3-2: Base on Balls
Jack Burton scores
Ramón Hernández to third
Kade Knowles to second
Batting: RHB Gerald Clark 0-0: Called Strike
0-1: DOUBLE (Flyball, 78XD)
Ramón Hernández scores
Kade Knowles scores
Charles Jordan to third
Runner from 3rd tries for Home, SAFE, no throw or cutoff
Pitching: LHP Denver Johnston
Batting: RHB Will Thomas 0-0: Swinging Strike
0-1: Fly out, F4 (Popup, 4MD)
Bottom of the 4th over - 5 run(s), 3 hit(s), 1 error(s), 1 left on base; Jersey City 0 - Ellenburg 6
TOP OF THE 5TH
Jersey City Sun Caps batting - Pitching for Ellenburg Fighting Dachsunds : RHP Michael Fletcher
Batting: RHB Bryan Wilson 0-0: Ball
1-0: TRIPLE (Line Drive, 8RM)
Pinch Runner at 3rd Ernest Miller:
Batting: RHB Lindsay Stewart 0-0: Foul Ball, location: 2F
0-1: Ground out 6-3 (Groundball, 6)
Ernest Miller scores
Batting: RHB Adrian Barr 0-0: Ball
1-0: Called Strike
1-1: Foul Ball, location: 2F
1-2: Foul Ball, location: 2F
1-2: Ball
2-2: SINGLE (Groundball, 56)
Batting: RHB Brett Callison 0-0: Ball
1-0: Foul Ball, location: 2F
1-1: Ball
2-1: SINGLE (Flyball, 15)
Adrian Barr to second
Batting: RHB Brandon Reed 0-0: Ball
1-0: Foul Ball, location: 2F
1-1: Swinging Strike
1-2: Ball
2-2: Ball
3-2: Strikes out swinging
Batting: LHB Marlon Randall 0-0: Ball
1-0: SINGLE (Groundball, 34D)
Adrian Barr to third
Brett Callison to second
Runner from 3rd tries for Home, SAFE, no throw or cutoff
Batting: LHB Miguel Martínez 0-0: Ball
1-0: Ball
2-0: Swinging Strike
2-1: 3-RUN HOME RUN (Line Drive, 9D), Distance : 397 ft
Batting: RHB Tony Quintana 0-0: Ball
1-0: Ball
2-0: Ball
3-0: Called Strike
3-1: Swinging Strike
3-2: Base on Balls
Batting: RHB Jonah Moody 0-0: Foul Ball, location: 2F
0-1: DOUBLE (Line Drive, 8RXD)
Tony Quintana to third
Runner from 3rd tries for Home, SAFE, no throw or cutoff
Pitching: RHP Sean Evans
Batting: SHB Ernest Miller 0-0: Swinging Strike
0-1: Ball
Wild Pitch!
Jonah Moody to third
1-1: Foul Ball, location: 2F
1-2: Strikes out swinging
Top of the 5th over - 6 run(s), 6 hit(s), 0 error(s), 1 left on base; Jersey City 6 - Ellenburg 6
BOTTOM OF THE 5TH
Ellenburg Fighting Dachsunds batting - Pitching for Jersey City Sun Caps : LHP Denver Johnston
Now at SS: Ernest Miller
Batting: RHB Francis Kelly 0-0: Foul Ball, location: 2F
0-1: Ball
1-1: Ball
2-1: Fly out, F4 (Line Drive, 4)
Batting: RHB Travis Lee 0-0: Called Strike
0-1: Ball
1-1: Ground out 5-3 (Groundball, 5L)
Batting: LHB Roberto Rodríguez 0-0: Foul Ball, location: 2F
0-1: Swinging Strike
0-2: Strikes out swinging
Bottom of the 5th over - 0 run(s), 0 hit(s), 0 error(s), 0 left on base; Jersey City 6 - Ellenburg 6
TOP OF THE 6TH
Jersey City Sun Caps batting - Pitching for Ellenburg Fighting Dachsunds : RHP Sean Evans
Batting: RHB Lindsay Stewart 0-0: Called Strike
0-1: Ball
1-1: Fly out, F5 (Line Drive, 5)
Batting: RHB Adrian Barr 0-0: Called Strike
0-1: Called Strike
0-2: Ball
1-2: Foul Ball, location: 2F
1-2: Foul Ball, location: 2F
1-2: Ball
2-2: Foul Ball, location: 2F
2-2: Ground out 5-3 (Groundball, 56)
Batting: RHB Brett Callison 0-0: Ball
1-0: Ball
2-0: Foul Ball, location: 2F
2-1: Ball
3-1: Base on Balls
Batting: RHB Brandon Reed 0-0: Called Strike
0-1: Ball
1-1: Ground out 5-3 (Groundball, 5)
Top of the 6th over - 0 run(s), 0 hit(s), 0 error(s), 1 left on base; Jersey City 6 - Ellenburg 6
BOTTOM OF THE 6TH
Ellenburg Fighting Dachsunds batting - Pitching for Jersey City Sun Caps : LHP Denver Johnston
Batting: RHB Jack Burton 0-0: SINGLE (Line Drive, 8RS)
Batting: LHB Ramón Hernández 0-0: Bunted foul
0-1: Sac Bunt - play at first, batter OUT! 1-4
Jack Burton to second
Batting: RHB Kade Knowles 0-0: Intentional Walk
Batting: RHB Charles Jordan 0-0: Foul Ball, location: 2F
0-1: Ground out 4-3 (Groundball, 4M)
Jack Burton to third
Kade Knowles to second
Batting: RHB Gerald Clark 0-0: Ball
1-0: Ball
Wild Pitch!
Jack Burton scores
Kade Knowles to third
2-0: Ball
3-0: Base on Balls
Batting: RHB Will Thomas 0-0: Reached on error, E6 (Groundball, 6)
Kade Knowles scores
Gerald Clark to second
Batting: RHB Francis Kelly 0-0: Called Strike
0-1: SINGLE (Line Drive, 78S)
Gerald Clark to third
Will Thomas to second
Runner from 3rd tries for Home, SAFE, no throw or cutoff
Pitching: RHP Gilberto Soto
Batting: RHB Travis Lee 0-0: Ball
1-0: Ball
2-0: Foul Ball, location: 2F
2-1: Foul Ball, location: 2F
2-2: Fly out, F9 (Flyball, 9LS)
Bottom of the 6th over - 3 run(s), 2 hit(s), 1 error(s), 2 left on base; Jersey City 6 - Ellenburg 9
TOP OF THE 7TH
Jersey City Sun Caps batting - Pitching for Ellenburg Fighting Dachsunds : RHP Sean Evans
Batting: LHB Marlon Randall 0-0: Called Strike
0-1: Ball
1-1: SINGLE (Groundball, 4M)
Batting: LHB Miguel Martínez 0-0: Ball
1-0: Ball
2-0: Ball
3-0: Called Strike
3-1: Called Strike
3-2: Strikes out looking
Batting: RHB Tony Quintana 0-0: Called Strike
0-1: Swinging Strike
Balk!
Marlon Randall to second
0-2: Strikes out looking
Batting: RHB Jonah Moody 0-0: Ball
1-0: Called Strike
1-1: Swinging Strike
1-2: Ball
2-2: SINGLE (Line Drive, 7S)
Marlon Randall to third
Runner from 3rd tries for Home, SAFE, no throw or cutoff
Batting: SHB Ernest Miller 0-0: Ball
1-0: Ground out 5-3 (Groundball, 56S)
Top of the 7th over - 1 run(s), 2 hit(s), 0 error(s), 1 left on base; Jersey City 7 - Ellenburg 9
BOTTOM OF THE 7TH
Ellenburg Fighting Dachsunds batting - Pitching for Jersey City Sun Caps : RHP Gilberto Soto
Batting: LHB Roberto Rodríguez 0-0: Ball
1-0: Swinging Strike
1-1: Ball
2-1: Called Strike
2-2: Ball
3-2: Base on Balls
Batting: RHB Jack Burton 0-0: Sac Bunt - play at first, batter OUT! 5-3
Roberto Rodríguez to second
Batting: LHB Ramón Hernández 0-0: Ball
1-0: Called Strike
1-1: Called Strike
1-2: Ball
2-2: Ball
3-2: Base on Balls
Batting: RHB Kade Knowles 0-0: Ball
1-0: Ball
2-0: Called Strike
2-1: Foul Ball, location: 2F
2-2: Foul Ball, location: 2F
2-2: Ball
3-2: Base on Balls
Roberto Rodríguez to third
Ramón Hernández to second
Pinch Hitting: LHB Jeff Lee 0-0: Fly out, F8 (Flyball, 78M)
Runner from 3rd tags up, SCORES, throw made
Batting: RHB Gerald Clark 0-0: Ball
1-0: Ball
Balk!
Ramón Hernández to third
Kade Knowles to second
2-0: Ground out 4-3 (Groundball, 4M)
Bottom of the 7th over - 1 run(s), 0 hit(s), 0 error(s), 2 left on base; Jersey City 7 - Ellenburg 10
TOP OF THE 8TH
Jersey City Sun Caps batting - Pitching for Ellenburg Fighting Dachsunds : RHP Sean Evans
Now at SS: Jesús López
Batting: RHB Lindsay Stewart 0-0: Ball
1-0: Ball
2-0: Called Strike
2-1: SINGLE (Flyball, 8LS)
Pitching: RHP Ed White
Batting: RHB Adrian Barr 0-0: DOUBLE (Line Drive, 9LM)
Lindsay Stewart to third
Batting: RHB Brett Callison 0-0: Called Strike
0-1: Ball
1-1: Foul Ball, location: 2F
1-2: Ball
2-2: Foul Ball, location: 2F
2-2: Reached on error, E4 (Groundball, 4)
Lindsay Stewart scores
Adrian Barr to third
Batting: RHB Brandon Reed 0-0: Ball
1-0: Foul Ball, location: 2F
1-1: Ball
2-1: SINGLE (Line Drive, 4)
Adrian Barr scores
Brett Callison to second
Pitching: RHP Yusuke Saito
Batting: LHB Marlon Randall 0-0: Called Strike
0-1: SINGLE (Line Drive, 8RS)
Brett Callison to third
Brandon Reed to second
Pitching: LHP Michael Fields
Batting: LHB Miguel Martínez 0-0: Ball
1-0: Called Strike
1-1: Foul Ball, location: 2F
1-2: Ball
2-2: DOUBLE (Groundball, 3L)
Brett Callison scores
Brandon Reed scores
Marlon Randall to third
Batting: RHB Tony Quintana 0-0: Intentional Walk
Batting: RHB Jonah Moody 0-0: Ball
1-0: Ball
2-0: Ball
3-0: Called Strike
3-1: Called Strike
3-2: Strikes out swinging
Pinch Hitting: RHB Eddy Baxter 0-0: Ball
1-0: Foul Ball, location: 2F
1-1: Called Strike
1-2: Foul Ball, location: 2F
1-2: Ball
2-2: Foul Ball, location: 2F
2-2: Foul Ball, location: 2F
2-2: Foul Ball, location: 2F
2-2: Ball
3-2: Grounds into double play, 4-6-3 (Groundball, 4)
Top of the 8th over - 4 run(s), 5 hit(s), 1 error(s), 2 left on base; Jersey City 11 - Ellenburg 10
BOTTOM OF THE 8TH
Ellenburg Fighting Dachsunds batting - Pitching for Jersey City Sun Caps : RHP Gilberto Soto
Pitching: RHP Armando Martínez
Now at SS: Harry Reynolds
Now in RF: Anrrique Bolo
Batting: RHB Will Thomas 0-0: Called Strike
0-1: Ball
1-1: Ball
2-1: Called Strike
2-2: Foul Ball, location: 2F
2-2: Fly out, F5 (Line Drive, 5)
Batting: RHB Francis Kelly 0-0: Ball
1-0: Foul Ball, location: 2F
1-1: Fly out, F8 (Flyball, 89M)
Batting: RHB Travis Lee 0-0: Foul Ball, location: 2F
0-1: Swinging Strike
0-2: Strikes out swinging
Bottom of the 8th over - 0 run(s), 0 hit(s), 0 error(s), 0 left on base; Jersey City 11 - Ellenburg 10
TOP OF THE 9TH
Jersey City Sun Caps batting - Pitching for Ellenburg Fighting Dachsunds : LHP Michael Fields
Pitching: RHP Ryoichi Maruyama
Batting: RHB Lindsay Stewart 0-0: Ball
1-0: Called Strike
1-1: Swinging Strike
1-2: Ball
2-2: Strikes out looking
Batting: RHB Adrian Barr 0-0: Ball
1-0: SINGLE (Flyball, 8RM)
Batting: RHB Brett Callison 0-0: Swinging Strike
0-1: Grounds into double play, 6-4-3 (Groundball, 6)
Top of the 9th over - 0 run(s), 1 hit(s), 0 error(s), 0 left on base; Jersey City 11 - Ellenburg 10
BOTTOM OF THE 9TH
Ellenburg Fighting Dachsunds batting - Pitching for Jersey City Sun Caps : RHP Armando Martínez
Pitching: RHP Suezo Sato
Batting: LHB Roberto Rodríguez 0-0: Ball
1-0: Foul Ball, location: 2F
1-1: Ball
2-1: Ground out 4-3 (Groundball, 4M)
Pinch Hitting: LHB Ismael Cabrera 0-0: Ball
1-0: Ball
2-0: SINGLE (Groundball, 6M)
Batting: LHB Ramón Hernández 0-0: Ground out 4-3 (Groundball, 4S)
Ismael Cabrera to second
Batting: RHB Kade Knowles 0-0: Called Strike
0-1: Called Strike
0-2: Ball
1-2: Fly out, F3 (Line Drive, 3)
Bottom of the 9th over - 0 run(s), 1 hit(s), 0 error(s), 1 left on base; Jersey City 11 - Ellenburg 10
This league is powered by Out of the Park Baseball, the baseball management simulation game for PC, Mac and Linux
Friday, July 8th, 2016 - OOTP Baseball 16.9 Build 39